 Dungeon Crawl Stone Soup version 0.26.1-11-gd32895ea62 (webtiles) character file.

Game seed: 3242059542628111941

73 Zeld the Twirler (level 4, -6/29 HPs)
             Began as an Octopode Gladiator on May 22, 2021.
             Mangled by a gnoll
             ... wielding a +0 flail of protection
              (11 damage)
             ... on level 1 of the Dungeon.
             The game lasted 00:01:52 (2184 turns).

Zeld the Twirler (Octopode Gladiator)               Turns: 2184, Time: 00:01:53

Health: -6/29      AC:  1    Str: 14    XL:     4   Next: 27%
Magic:  4/4        EV: 14    Int: 10    God:
Gold:   88         SH:  0    Dex: 13    Spells: 3/3 levels left

rFire    . . .     SeeInvis .   a - +0 quarterstaff
rCold    . . .     Faith    .   (shield currently unavailable)
rNeg     . . .     Spirit   .   b - +0 hat
rPois    .         Reflect  .   (no amulet)
rElec    .         Harm     .   (no ring)
rCorr    .         Rampage  .   (no ring)
Will     .....                  (no ring)
Stlth    ++........             (no ring)
HPRegen  0.09/turn              (no ring)
MPRegen  0.09/turn              (no ring)
                                (no ring)
                                (no ring)

@: no status effects
A: almost no armour, stealthy swim, amphibious, 8 rings, constrict 8, camouflage
1, gelatinous body 1
a: no special abilities


You were on level 1 of the Dungeon.
You visited 1 branch of the dungeon, and saw 2 of its levels.

You collected 88 gold pieces.

Inventory:

Hand Weapons
 a - a +0 quarterstaff (weapon)
Missiles
 c - 3 throwing nets (quivered)
 f - 7 boomerangs
Armour
 b - a +0 hat (worn)
Jewellery
 g - an uncursed ring of magical power
Scrolls
 e - 4 scrolls of identify {unknown}
 h - 2 scrolls of immolation {unknown}
 i - a scroll of enchant weapon {unknown}
Potions
 d - 2 potions of mutation {unknown}


   Skills:
 - Level 2.0 Fighting
 * Level 5.0 Staves
 - Level 2.0 Throwing
 - Level 3.0 Dodging


You had 3 spell levels left.
You didn't know any spells.
Your spell library was empty.

Dungeon Overview and Level Annotations

Branches:
Dungeon (2/15)

Altars:


Innate Abilities, Weirdness & Mutations

You cannot wear most types of armour.
You are very stealthy in the water. (Stealth+)
You are amphibious.
You can wear up to eight rings at the same time.
You can use your tentacles to constrict eight enemies at once.
Your skin changes colour to match your surroundings (Stealth+).
Your rubbery body absorbs attacks. (AC +1, EV +1)


Message History

The gnoll hits you from afar with a cursed -1 spear!
You are too injured to fight recklessly!
The gnoll barely misses you.
The gnoll hits you from afar with a cursed -1 spear!
* * * LOW HITPOINT WARNING * * *
The gnoll hits you with a +0 flail of protection.
* * * LOW HITPOINT WARNING * * *
You climb upwards.
There is a stone staircase leading down here.
Press: ? - help, v - describe, . - travel
Here: a gnoll, wielding a +0 flail of protection The floor.
Unknown command.
Unknown command.
You see here a ring mail.
You closely miss the gnoll. You grab the gnoll. You squeeze the gnoll!
The gnoll is severely wounded.
You constrict the gnoll.
The gnoll hits you with a +0 flail of protection!
You die...

................####.###.#.## #.#
#....<....#######....##.#...###.#
####...#### #.#....###.>.##.#
##...## #....##.#.......#
##..⌠..## ##.#.###.#.######
##.......## ###.#.......# #
#..⌠...⌠..#### #...#######.# #
.....⌠.......# #.### ##'#### #
##.......###.# #@# ##.....###
####.#### #.# #g# ##..#.#.#.#
##)##..# #.###.## ##.....)(...
#...##.#####......####....#.#.#.#
.....................'...........
#....#.#.####.#...####....#.#.#.#
##..#..##.# #[....# ##..........
###..##.## #.....# ##..#.#.#.#
##.#.## #.##### ##........


You could see a gnoll.

Vanquished Creatures
  A gnoll (D:2)
  An adder (D:2)
  An ooze (D:1)
  A dart slug (D:1)
  A leopard gecko (D:1)
  4 giant cockroaches (D:1)
  4 goblins
  5 hobgoblins
  11 jackals (D:1)
  A kobold (D:1)
  6 bats
  3 frilled lizards
  4 rats (D:1)
43 creatures vanquished.

Notes
Turn   | Place    | Note
-------+----------+-------------------------------------------
     0 | D:1      | Zeld the Octopode Gladiator began the quest for the Orb.
     0 | D:1      | Reached XP level 1. HP: 14/14 MP: 1/1
   163 | D:1      | Reached XP level 2. HP: 19/19 MP: 2/2
   383 | D:1      | Reached skill level 4 in Staves
   392 | D:1      | Reached XP level 3. HP: 17/24 MP: 3/3
  1235 | D:2      | Found a faded altar of an unknown god.
  1416 | D:2      | Reached XP level 4. HP: 23/29 MP: 4/4
  2148 | D:2      | Reached skill level 5 in Staves
  2184 | D:1      | Mangled by a gnoll

Illustrated notes

Levels and vault maps discovered:
D:1:      dpeg_arrival_leaves_temple_mockup, layout_loops_corners, st_stairs_9
D:2:      layout_basic, lemuel_blue_sif_altar,
          chequers_ecumenical_altar_simple_redux, minivault_26

Skill      XL: |  1  2  3  4 |
---------------+-------------+-----
Staves         | 4 5 |  5.0
Fighting       | |  2.0
Throwing       | |  2.0
Dodging        | |  3.0

Action                   |  1- 3 |  4- 6 || total
-------------------------+-------+-------++-------
Melee: Quarterstaff      |    81 |     7 ||    88
       Constrict         |    20 |     2 ||    22
       Tentacles         |     8 |     4 ||    12
 Stab: Sleeping          |     4 |       ||     4
Armor: Skin              |    13 |       ||    13
Dodge: Dodged            |    67 |     9 ||    76
